 Dungeon Crawl Stone Soup version 0.30.0 (webtiles) character file.

Game seed: 1731054264853114607

107 Finguili the Stinger (level 4, -6/30 HPs)
             Began as a Demonspawn Venom Mage on May 6, 2023.
             Killed by divine providence
             ... invoked by an orc priest
              (10 damage)
             ... on level 3 of the Dungeon.
             The game lasted 00:14:21 (3072 turns).

Finguili the Stinger (Demonspawn Venom Mage)        Turns: 3072, Time: 00:14:22

Health: -6/30      AC:  7    Str:  8    XL:     4   Next: 57%
Magic:  0/7        EV: 17    Int: 18    God:
Gold:   120        SH:  0    Dex: 14    Spells: 1/7 levels left

rFire   . . .        j - +0 short sword
rCold   . . .        (no shield)
rNeg    . . .        i - +0 steam dragon scales
rPois   .            (no helmet)
rElec   .            d - +1 cloak
rCorr   .            (no gloves)
SInv    .            (no boots)
Will    .....        (no amulet)
Stlth   ++           (no ring)
HPRegen 0.25/turn    (no ring)
MPRegen 0.10/turn

%: no passive effects
@: agile
A: ignite blood 1, powered by pain 1
a: no special abilities


You were on level 3 of the Dungeon.
You visited 1 branch of the dungeon, and saw 4 of its levels.

You collected 120 gold pieces.

Inventory:

Hand Weapons
 j - a +0 short sword (weapon)
Armour
 a - a +0 robe
 d - a +1 cloak (worn)
 i - +0 steam dragon scales (worn)
Jewellery
 o - a +6 ring of dexterity
Scrolls
 c - a scroll of identify {unknown}
 e - a scroll of fear {unknown}
 k - a scroll of teleportation {unknown}
 l - a scroll of vulnerability {unknown}
 m - a scroll of poison {unknown}
Potions
 b - a potion of magic
 f - a potion of flight {unknown}
 g - a potion of attraction {unknown}
 h - a potion of lignification {unknown}
 n - a potion of cancellation {unknown}


   Skills:
 - Level 0.1 Axes
 - Level 1.7 Dodging
 + Level 2.5 Stealth
 - Level 2.0 Spellcasting
 - Level 0.8 Transmutations
 * Level 0.3 Air Magic
 * Level 4.9 Poison Magic


You had one spell level left.
You knew the following spells:

 Your Spells              Type           Power      Damage    Failure   Level
a - Sting                 Tmut/Pois      48%        1d5       5%          1
b - Poisonous Vapours     Pois/Air       22%        N/A       9%          2
c - Mephitic Cloud        Conj/Pois/Air  8%         N/A       26%         3

Your spell library contained the following spells:

 Spells                   Type           Power      Damage    Failure   Level
 Spider Form              Tmut/Pois      12%        N/A       16%         3
 Olgreb's Toxic Radiance  Pois           19%        N/A       24%         4
 Ensorcelled Hibernation  Hex/Ice        2%         N/A       26%         2
 Anguish                  Hex/Necr       0%         N/A       87%         4


Dungeon Overview and Level Annotations

Branches:
Dungeon (4/15)
 Temple: D:4-7

Altars:


Innate Abilities, Weirdness & Mutations

Your demonic aura sometimes causes spilled blood to erupt in flames.
You sometimes gain a little power by taking damage.


Message History

Aim: an orc wizard, wielding a +0 dagger and wearing a +1 robe of the Archmagi Poisonous vapours surround the orc wizard!
The orc wizard is poisoned.
A goblin comes into view. It is wielding a +0 dagger.
A goblin comes into view. It is wielding a +0 club.
The goblin unwields a +0 club.
The goblin wields a +0 sling.
The goblin shoots a sling bullet.
The sling bullet hits you.
You hear a shout!
You feel a bit more experienced.
An orc priest comes into view.
It is wielding a +2 whip of electrocution.
There is a stone staircase leading up here.
Casting: Poisonous Vapours (safe; 9% risk of failure)
Confirm with . or Enter, or press ? or * to list all spells.
Aiming: Poisonous Vapours (safe; 9% risk of failure)
Press: ? - help, Dir - move target, f/p - orc wizard
Aim: an orc wizard, wielding a +0 dagger and wearing a +1 robe of the Archmagi (heavily wounded, poisoned) Poisonous vapours surround the orc wizard!
The orc wizard looks even sicker.
The orc wizard gestures at you while chanting.
You resist with some effort.
Casting: Poisonous Vapours (safe; 9% risk of failure)
Confirm with . or Enter, or press ? or * to list all spells.
Aiming: Poisonous Vapours (safe; 9% risk of failure)
Press: ? - help, Dir - move target, f - orc priest, p - orc wizard
Aim: an orc priest, wielding a +2 whip of electrocution and wearing a +0 leather armour Poisonous vapours surround the orc priest!
The orc priest is poisoned.
The orc priest calls down the wrath of Beogh upon you.
Beogh smites you!
You focus on the pain.
You feel agile all of a sudden.
Casting: Poisonous Vapours (safe; 9% risk of failure)
Confirm with . or Enter, or press ? or * to list all spells.
You don't have enough magic to cast this spell.
Unknown command.
The orc priest mumbles some strange prayers to Beogh against you.
Beogh smites you!
* * * LOW HITPOINT WARNING * * *
The orc priest invokes the aid of Beogh against you.
Beogh smites you!
You die... ......# #.#..### ......# #.#.... ..##### #.....# .)# ggg.

#.....# ..# g..##.....# ###
g....#...#####.# #####
o$..#.........# # .....
.o.#....######..# ########
o.#@...........# ##.....#
#.#o##....####.#
##.....##### #.#.#........#
.#.........###.#.#.#####..#
...............o..........#
####...........#########..#
#.#.....######.[.......#
#.#........###.######..#
#.#.#####†.............#


You could see an orc priest (poisoned) and an orc wizard (poisoned).

Vanquished Creatures
  2 adders
  4 adder zombies (D:2)
  An adder skeleton (D:2)
  2 worms
  A dart slug (D:2)
  An orc (D:3)
  5 ball pythons (D:1)
  3 bats
  2 bat zombies (D:2)
  5 endoplasms
  A giant cockroach (D:2)
  7 goblins
  3 hobgoblins
  4 jackals (D:1)
  4 quokkas (D:1)
  3 frilled lizards (D:1)
  A giant cockroach zombie (D:2)
  8 kobolds
  A quokka zombie (D:2)
  4 rats
62 creatures vanquished.

Notes
Turn   | Place    | Note
-------+----------+-------------------------------------------
     0 | D:1      | Finguili the Demonspawn Venom Mage began the quest for the
                  | Orb.
     0 | D:1      | Reached XP level 1. HP: 13/13 MP: 3/3
   116 | D:1      | Gained mutation: Your demonic aura sometimes causes spilled
                  | blood to erupt in flames. [demonic ancestry]
   116 | D:1      | Reached XP level 2. HP: 15/19 MP: 0/5
   348 | D:1      | Reached skill level 4 in Poison Magic
   550 | D:1      | Gained mutation: You sometimes gain a little power by
                  | taking damage. [demonic ancestry]
   550 | D:1      | Reached XP level 3. HP: 21/24 MP: 1/6
   686 | D:1      | Learned a level 2 spell: Poisonous Vapours
  1106 | D:2      | Learned a level 3 spell: Mephitic Cloud
  1559 | D:2      | You fall into a shaft and drop 2 floors!
  1603 | D:3      | Found a faded altar of an unknown god.
  2189 | D:2      | Reached XP level 4. HP: 28/30 MP: 3/7
  3072 | D:3      | Killed from afar by an orc priest

Illustrated notes

Levels and vault maps discovered:
D:1:      minmay_arrival_radiant_lines, layout_basic
D:2:      layout_basic, serial_undead, serial_undead_a, serial_undead_d,
          serial_undead_d, serial_undead_a
D:3:      layout_basic, mainiacjoe_overflow_tiny_flanked,
          basic_ecumenical_altar, serial_shops, nicolae_shop_trees, uniq_robin
D:4:      layout_rooms, minmay_temple_entry_tees

Skill      XL: |  1  2  3 |
---------------+----------+-----
Poison Magic   | 4 |  4.9
Stealth        | 2 |  2.5
Axes           | |  0.1
Dodging        | |  1.7
Spellcasting   | |  2.0
Transmutations | |  0.8
Air Magic      | |  0.3

Action                     |  1- 3 |  4- 6 || total
---------------------------+-------+-------++-------
  Melee: Hand axe          |    34 |       ||    34
         Short sword       |    45 |    56 ||   101
         Punch             |     1 |       ||     1
   Cast: Sting             |    56 |    15 ||    71
         Poisonous Vapours |    14 |    11 ||    25
   Stab: Sleeping          |     1 |       ||     1
 Armour: Robe              |    11 |       ||    11
         Steam dragon scal |    14 |    28 ||    42
  Dodge: Dodged            |    75 |    40 ||   115
